 Dungeon Crawl Stone Soup version 0.30-a0-928-g7f6bbad527 (webtiles) character file.

Game seed: 13258276355625539258

5223 Jossarian the Destroyer (level 10, -21/66 (73) HPs)
             Began as a Human Conjurer on Mar 23, 2023.
             Was a Follower of Vehumet.
             Killed from afar by a rime drake (29 damage)
             ... with an icy flash freeze
             ... on level 10 of the Dungeon.
             The game lasted 02:13:17 (14638 turns).

Jossarian the Destroyer (Human Conjurer)           Turns: 14638, Time: 02:13:17

HP:   -21/66 (73)   AC:  9    Str: 10    XL:     10   Next: 92%
MP:   2/20          EV: 13    Int: 29    God:    Vehumet [*.....]
Gold: 181           SH:  0    Dex: 12    Spells: 4/23 levels left

rFire   . . .      SeeInvis .    z - +3 shortbow (flame)
rCold   . . .      Faith    .    (shield currently unavailable)
rNeg    . . .      Spirit   .    C - +2 steam dragon scales
rPois   .          Reflect  .    d - +0 helmet
rElec   .          Rampage  .    h - scarf {+Inv}
rCorr   .                        (no gloves)
Will    .....                    r - +0 pair of boots
Stlth   +++                      J - amulet "Huwekise" {Regen+ Str+3}
HPRegen 1.11/turn                G - ring of wizardry
MPRegen 0.17/turn                P - +6 ring of intelligence

@: on blink cooldown, drained
A: no striking features
a: Renounce Religion, Evoke Invisibility


You were on level 10 of the Dungeon.
You worshipped Vehumet.
Vehumet was aware of your devotion.
You visited 2 branches of the dungeon, and saw 11 of its levels.

You collected 665 gold pieces.
You spent 484 gold pieces at shops.

Inventory:

Hand Weapons
 i - a +1 dagger of venom
 y - a +0 sling of draining
 z - a +3 shortbow of flaming (weapon)
Missiles
 n - 72 stones
 u - 5 boomerangs
 w - 15 poisoned darts
 F - 2 throwing nets
Armour
 a - a +0 robe
 d - a +0 helmet (worn)
 h - a scarf of invisibility (worn)
 r - a +0 pair of boots (worn)
 s - an orb of energy
 C - +2 steam dragon scales (worn)
 O - a +0 pair of gloves
Magical Staves
 x - a staff of earth
 D - a staff of air
Jewellery
 G - a ring of wizardry (left hand)
 H - a +6 ring of dexterity
 J - the amulet "Huwekise" (around neck) {Regen+ Str+3}
   (You took it off a gnoll sergeant on level 8 of the Dungeon)

   [amulet of regeneration]

   Str:       It affects your strength (+3).
   Regen:     It increases your rate of health regeneration.
 L - a +5 ring of evasion
 P - a +6 ring of intelligence (right hand)
Wands
 A - a wand of quicksilver (7)
 E - a wand of polymorph (5)
 M - a wand of flame (8)
Scrolls
 c - 6 scrolls of teleportation
 e - 3 scrolls of amnesia
 g - 4 scrolls of identify
 k - 2 scrolls of blinking
 l - 2 scrolls of poison
 o - a scroll of immolation
 p - 2 scrolls of magic mapping
 K - a scroll of fear
 N - a scroll of fog
Potions
 b - 3 potions of magic
 f - 5 potions of curing
 j - a potion of might
 m - a potion of berserk rage
 q - a potion of invisibility
 t - 2 potions of lignification
 v - a potion of haste
 B - a potion of heal wounds
 I - a potion of ambrosia


   Skills:
 + Level 4.6 Fighting
 + Level 7.0 Ranged Weapons
 + Level 1.7 Throwing
 + Level 4.1 Dodging
 + Level 4.4 Stealth
 + Level 7.0 Spellcasting
 + Level 8.7 Conjurations
 + Level 3.5 Hexes
 + Level 1.0 Translocations
 + Level 0.1 Ice Magic
 + Level 0.9 Air Magic


You had 4 spell levels left.
You knew the following spells:

 Your Spells              Type           Power      Damage    Failure   Level
a - Magic Dart            Conj           100%       1d8       1%          1
b - Searing Ray           Conj           100%       2d8       1%          2
c - Freeze                Ice            44%        1d6       1%          1
d - Blink                 Tloc           32%        N/A       1%          2
e - Fulminant Prism       Conj/Hex       22%        3d12      1%          4
f - Portal Projectile     Hex/Tloc       46%        N/A       2%          3
g - Shock                 Conj/Air       100%       1d9       1%          1
h - Foxfire               Conj/Fire      100%       2x1d9     1%          1
i - Airstrike             Air            7%         2d(2-18)  14%         4

Your spell library contained the following spells:

 Spells                   Type           Power      Damage    Failure   Level
 Necrotise                Necr           40%        1d6       1%          1
 Ensorcelled Hibernation  Hex/Ice        42%        N/A       1%          2
 Lesser Beckoning         Tloc           32%        N/A       1%          2
 Momentum Strike          Conj/Tloc      76%        3d10      1%          2
 Dazzling Flash           Conj/Hex       90%        N/A       1%          3
 Hailstorm                Conj/Ice       36%        3d9       1%          3
 Iskenderun's Mystic Bla  Conj/Tloc      38%        2d9       2%          4
 Swiftness                Air            15%        N/A       4%          3
 Call Canine Familiar     Summ           10%        N/A       6%          3
 Frozen Ramparts          Ice            22%        1d4       6%          3
 Spider Form              Tmut/Pois      10%        N/A       6%          3
 Vampiric Draining        Necr           10%        2d6       6%          3
 Anguish                  Hex/Necr       10%        N/A       10%         4
 Leda's Liquefaction      Hex/Erth       10%        N/A       10%         4
 Summon Lightning Spire   Summ/Air       12%        N/A       16%         4
 Plasma Beam              Fire/Air       6%         2x1d18    41%         5
 Agony                    Necr           10%        N/A       45%         5
 Starburst                Conj/Fire      17%        6d6       45%         6


Dungeon Overview and Level Annotations

Branches:
Dungeon (10/15)            Temple (1/1) D:6
   Lair: D:8-11         Orc: D:9-12

Altars:
Ashenzari
Cheibriados
Dithmenos
Elyvilon
Fedhas
Gozag
Hepliaklqana
Kikubaaqudgha
Makhleb
Nemelex Xobeh
Okawaru
Qazlal
Ru
Sif Muna
Trog
Uskayaw
Vehumet
Xom
Yredelemnul
Zin
The Shining One

Shops:
D:4 (   D:5 [   D:7 :

Annotations:
D:10 Psyche


Message History

Your fulminant prism explodes!
The blast of energy engulfs the rime drake!!
The rime drake is severely wounded.
The rime drake breathes ice at you. The icy flash freeze hits you!
* * * LOW HITPOINT WARNING * * *
You are encased in ice.
The ice encasing you melts away. The rime drake breathes ice at you.
The icy flash freeze hits you!
* * * LOW HITPOINT WARNING * * *
You are encased in ice.
Casting: Fulminant Prism (dangerous; 1% risk of failure)
Confirm with . or Enter, or press ? or * to list all spells.
You blink.
Casting: Blink (safe; 1% risk of failure)
Confirm with . or Enter, or press ? or * to list all spells.
Aiming: Fulminant Prism (dangerous; 1% risk of failure)
Press: ? - help, Dir - move target You conjure a prism of explosive energy!
A fulminant prism comes into view.
The ice encasing you melts away.
Your fulminant prism crackles loudly.
You feel stable enough to blink again.
Your fulminant prism explodes!
The blast of energy engulfs the bush!
The bush is lightly damaged.
The blast of energy engulfs the bush!
The bush is lightly damaged.
The rime drake breathes ice at you. The icy flash freeze hits you!
* * * LOW HITPOINT WARNING * * *
You are encased in ice.
Casting: Fulminant Prism (dangerous; 1% risk of failure)
Confirm with . or Enter, or press ? or * to list all spells.
You blink.
The ice encasing you melts away. The rime drake breathes ice at you.
The icy flash freeze hits you!!
You die...

######### #.......#
#.##....######
##########.#.#.#......####
.........k......@.....<..#
PP.._..PPPP..♣♣♣♣...#.##.####
...................##.......#
#############.####.#####.##.#
#...# #.#####.##.# #.###
#.......##.# #.#
###########.# #.#
##.....#####.### #.#
#..............#


You could see a rime drake (catching breath).

Vanquished Creatures
  A cyclops (D:7)
  A polar bear (D:8)
  A hornet (D:8)
  A wraith (D:9)
  Sigmund (D:3)
  2 wyverns
  3 steam dragons
  Menkaure (D:5)
  An orc warrior (D:6)
  2 ice beasts (D:9)
  2 sky beasts
  An ogre (D:6)
  2 wolves
  3 centaurs
  2 phantoms (D:4)
  3 bullfrogs
  A gnoll sergeant (D:8)
  5 scorpions
  5 wights (D:7)
  6 killer bees (D:5)
  6 electric eels (D:9)
  4 howler monkeys (D:9)
  3 hounds
  5 orc priests
  A gnoll bouda (D:5)
  2 sleepcaps
  5 orc wizards
  Robin (D:4)
  9 adders
  7 gnolls
  A shadow imp (D:6)
  A white imp (D:4)
  2 ufetubi
  3 worms
  35 orcs
  4 endoplasms
  5 giant cockroaches
  18 goblins
  8 hobgoblins
  A jackal (D:2)
  A quokka (D:1)
  9 ball pythons
  8 bats
  2 frilled lizards
  8 kobolds
  3 rats
196 creatures vanquished.

Vanquished Creatures (others)
  5 foxfires (D:9)
  37 fulminant prisms
42 creatures vanquished.

Grand Total: 238 creatures vanquished

Notes
Turn   | Place    | Note
-------+----------+-------------------------------------------
     0 | D:1      | Jossarian the Human Conjurer began the quest for the Orb.
     0 | D:1      | Reached XP level 1. HP: 13/13 MP: 3/3
   385 | D:1      | Reached XP level 2. HP: 18/19 MP: 0/5
   439 | D:1      | Learned a level 2 spell: Searing Ray
  1173 | D:2      | Reached XP level 3. HP: 24/24 MP: 4/6
  1673 | D:2      | Reached XP level 4. HP: 30/30 MP: 2/7
  1763 | D:2      | Learned a level 1 spell: Freeze
  2279 | D:2      | Reached skill level 5 in Conjurations
  3049 | D:3      | Noticed Sigmund
  3126 | D:3      | Killed Sigmund
  3127 | D:3      | Reached skill level 1 in Throwing
  3127 | D:3      | Reached XP level 5. HP: 35/35 MP: 3/10
  3127 | D:3      | Reached XP level 6. HP: 41/41 MP: 3/11
  3214 | D:3      | Reached skill level 6 in Conjurations
  3934 | D:3      | Found a blossoming altar of Fedhas.
  4190 | D:4      | Learned a level 2 spell: Blink
  4206 | D:4      | Found a bloodstained altar of Trog.
  4241 | D:4      | Reached XP level 7. HP: 34/46 MP: 3/12
  4534 | D:4      | Noticed Robin
  4613 | D:4      | Killed Robin
  5146 | D:4      | Found Cifellom's Antique Weapon Boutique.
  5414 | D:4      | Bought a runed shortbow for 132 gold pieces
  5461 | D:5      | Entered Level 5 of the Dungeon
  5576 | D:5      | Noticed Menkaure
  5916 | D:5      | Found a broken altar of Ashenzari.
  5940 | D:5      | Reached XP level 8. HP: 13/53 MP: 7/15
  6205 | D:5      | Reached skill level 1 in Ranged Weapons
  6488 | D:5      | Reached skill level 1 in Fighting
  6489 | D:5      | Reached skill level 5 in Spellcasting
  6589 | D:5      | Found Cufous's Armour Shoppe.
  6622 | D:5      | Reached skill level 7 in Conjurations
  7104 | D:5      | Learned a level 4 spell: Fulminant Prism
  8146 | D:6      | Reached XP level 9. HP: 64/64 MP: 12/16
  8452 | D:6      | Found a staircase to the Ecumenical Temple.
  8465 | Temple   | Entered the Ecumenical Temple
  8498 | Temple   | Became a worshipper of Vehumet
  8758 | D:6      | Found a snail-covered altar of Cheibriados.
  9383 | D:5      | Killed Menkaure
  9557 | D:7      | Reached skill level 1 in Hexes
  9660 | D:7      | Noticed a cyclops
 10252 | D:7      | Killed a cyclops
 10253 | D:7      | Reached skill level 5 in Ranged Weapons
 10413 | D:7      | Reached XP level 10. HP: 27/71 MP: 1/19
 10618 | D:7      | Learned a level 3 spell: Portal Projectile
 10752 | D:7      | Found a shimmering blue altar of Sif Muna.
 10852 | D:7      | Found Axkekkuv's Book Shop.
 10861 | D:7      | Bought a book of Air for 352 gold pieces
 10865 | D:7      | Learned a level 1 spell: Shock
 11471 | D:8      | Reached skill level 8 in Conjurations
 11724 | D:8      | Reached * piety under Vehumet
 11724 | D:8      | Offered knowledge of Foxfire by Vehumet.
 11729 | D:8      | Identified the amulet "Huwekise" {Regen+ Str+3}
 11959 | D:8      | Learned a level 1 spell: Foxfire
 12219 | D:8      | Found a glowing golden altar of the Shining One.
 12347 | D:8      | Found a sparkling altar of Nemelex Xobeh.
 13537 | D:9      | Learned a level 4 spell: Airstrike
 14093 | D:9      | Found a burning altar of Makhleb.
 14093 | D:9      | Noticed a balrug
 14414 | D:10     | Entered Level 10 of the Dungeon
 14431 | D:10     | Noticed Psyche
 14559 | D:10     | Found a shadowy altar of Dithmenos.
 14601 | D:10     | Noticed a rime drake
 14603 | D:10     | Reached skill level 1 in Translocations
 14627 | D:10     | HP: 2/66 [rime drake/icy flash freeze (15)]
 14633 | D:10     | HP: 1/66 [rime drake/icy flash freeze (8)]
 14638 | D:10     | Killed from afar by a rime drake

Illustrated notes

Levels and vault maps discovered:
D:1:      saegor_arrival_simple_c, layout_basic, serial_glass, glass_columns_b,
          glass_columns_c, feat_on_display, feat_on_display,
          minmay_strange_pillars
D:2:      minmay_door_path, layout_loops_ring, minmay_randomly_rotated_circles
D:3:      layout_rooms, fedhas_altar_3, uniq_sigmund
D:4:      layout_loops_ring, lightli_temple_of_fire, serial_shops, shop_coins,
          uniq_robin
D:5:      layout_rooms, mainiacjoe_overflow_tiny_flanked, serial_shops,
          nicolae_shop_crystal, uniq_menkaure
D:6:      layout_gridville, overflow_temple_1_default, minmay_temple_entry_glass
D:7:      layout_basic, mainiacjoe_overflow_cross_hatched, serial_shops,
          nicolae_shop_stone, enter_bailey_3
D:8:      layout_basic, nicolae_tso_swordbearing_angel, nemelex_altar_shiori
D:9:      layout_layer_cave, makhleb_altar_promises_db, serial_ice,
          serial_ice_d, serial_ice_h, serial_ice_l, serial_ice_g,
          kennysheep_boxes
D:10:     layout_loops_cross, mainiacjoe_overflow_boulevard,
          hellmonk_lair_entry_icy, uniq_psyche, uniq_lodul
Temple:   nicolae_temple_bog_church

Skill      XL: |  1  2  3  4  5  6  7  8  9 10 |
---------------+-------------------------------+-----
Conjurations   | 5 6 7 8 |  8.7
Throwing       | 1 |  1.7
Spellcasting   | 3 4 5 6 7 |  7.0
Stealth        | 3 4 |  4.4
Ranged Weapons | 3 5 7 |  7.0
Fighting       | 3 4 |  4.6
Dodging        | 3 4 |  4.1
Hexes          | 2 3 |  3.5
Translocations | 1 |  1.0
Ice Magic      | |  0.1
Air Magic      | |  0.9

Action                     |  1- 3 |  4- 6 |  7- 9 | 10-12 || total
---------------------------+-------+-------+-------+-------++-------
  Melee: Whip              |     2 |       |       |       ||     2
         Punch             |     1 |       |       |       ||     1
         Dagger            |       |     2 |     6 |       ||     8
   Fire: Shortbow          |       |       |    67 |    37 ||   104
  Throw: Stone             |     3 |       |       |       ||     3
         Dart              |       |       |     6 |     2 ||     8
         Throwing net      |       |       |     2 |       ||     2
   Cast: Magic Dart        |    38 |    45 |    12 |     1 ||    96
         Searing Ray       |     8 |    24 |    57 |    31 ||   120
         Freeze            |       |       |     2 |       ||     2
         Fulminant Prism   |       |       |    12 |    25 ||    37
         Blink             |       |       |     1 |     4 ||     5
         Shock             |       |       |       |     7 ||     7
         Foxfire           |       |       |       |     3 ||     3
         Portal Projectile |       |       |       |     2 ||     2
         Airstrike         |       |       |       |     1 ||     1
    Use: Scroll            |     6 |     9 |     8 |     5 ||    28
 Armour: Robe              |     2 |     5 |    28 |       ||    35
         Steam dragon scal |       |       |       |    12 ||    12
  Dodge: Dodged            |     6 |     3 |    64 |    44 ||   117

Table legend: (Time is in decaauts)
 A = Elapsed time spent in this place.
 B = Non-inter-level travel time spent in this place.
 C = Inter-level travel time spent in this place.
 D = Time resting spent in this place.
 E = Time spent auto-exploring this place.
 F = Levels seen in this place.
 G = Mean time per level.
                   A        B        C        D        E       F      G
               +--------+--------+--------+--------+--------+-----+--------+
         Total |  14721 |   8273 |   6448 |   5861 |     40 |  11 | 1338.3 |
       Dungeon |  14667 |   8271 |   6396 |   5861 |     40 |  10 | 1466.7 |
        Temple |     54 |      2 |     52 |      0 |      0 |   1 |   54.0 |
               +--------+--------+--------+--------+--------+-----+--------+

Top non-repeatable levels by time:
     D:5: 2149 daAuts
     D:4: 2039 daAuts
     D:2: 1896 daAuts
     D:8: 1819 daAuts
     D:9: 1799 daAuts
     D:6: 1635 daAuts
     D:1: 1308 daAuts
     D:7: 989 daAuts
     D:3: 875 daAuts
    D:10: 154 daAuts
  Temple: 54 daAuts
